 Dungeon Crawl Stone Soup version 0.30-a0-964-gd452b5e7fa (webtiles) character file.

Game seed: 14917281300719399859

69 vishdafish the Conjurer (level 4, 30/30 HPs)
             Began as a Demonspawn Conjurer on Mar 30, 2023.
             Quit the game on level 2 of the Dungeon.
             The game lasted 00:01:13 (1845 turns).

vishdafish the Conjurer (Demonspawn Conjurer)       Turns: 1845, Time: 00:01:14

Health: 30/30      AC:  4    Str:  8    XL:     4   Next: 2%
Magic:  0/8        EV: 12    Int: 21    God:
Gold:   78         SH:  0    Dex: 11    Spells: 8/9 levels left

rFire   . . .      SeeInvis .    (no weapon)
rCold   . . .      Faith    .    (no shield)
rNeg    . . .      Spirit   .    a - +0 robe
rPois   .          Reflect  .    (no helmet)
rElec   .          Rampage  .    (no cloak)
rCorr   .                        (no gloves)
Will    .....                    (no boots)
Stlth   ++                       (no amulet)
HPRegen 0.25/turn                (no ring)
MPRegen 0.11/turn                (no ring)

@: no status effects
A: icy blue scales 1, demonic guardian 1, demonic touch 1
a: no special abilities


You were on level 2 of the Dungeon.
You visited 1 branch of the dungeon, and saw 2 of its levels.

You collected 78 gold pieces.

Inventory:

Armour
 a - a +0 robe (worn)
Jewellery
 f - an amulet of reflection
Scrolls
 e - 2 scrolls of identify
Potions
 b - a potion of magic
 c - a potion of lignification
 d - a potion of heal wounds
 g - a potion of ambrosia {unknown}
 h - a potion of haste {unknown}


   Skills:
 - Level 1.7 Dodging
 - Level 1.7 Stealth
 + Level 3.1 Spellcasting
 + Level 4.8 Conjurations


You had 8 spell levels left.
You knew the following spells:

 Your Spells              Type           Power      Damage    Failure   Level
a - Magic Dart            Conj           92%        1d7       1%          1

Your spell library contained the following spells:

 Spells                   Type           Power      Damage    Failure   Level
 Searing Ray              Conj           46%        2d6       2%          2
 Dazzling Flash           Conj/Hex       26%        N/A       14%         3
 Fulminant Prism          Conj/Hex       6%         3d7       43%         4
 Iskenderun's Mystic Bla  Conj/Tloc      13%        2d5       43%         4


Dungeon Overview and Level Annotations

Branches:
Dungeon (2/15)

Altars:


Innate Abilities, Weirdness & Mutations

You are partially covered in icy blue scales. (AC +2)
A weak demonic guardian rushes to your aid.
Your touch may inflict minor irresistible damage on your foes.


Message History

You can't see any susceptible monsters within range! (Use Z to cast anyway.)
An adder comes into view.
An adder is nearby!
An adder is nearby!
The magic dart hits the adder.
The adder is moderately wounded.
The adder hisses angrily.
You hear a shout!
A bat comes into view.
A ball python comes into view.
A kobold comes into view. It is wielding a +0 short sword.
The bat moves out of view.
The magic dart hits the adder.
The adder is severely wounded.
The ball python hisses angrily.
The magic dart hits the adder.
You kill the adder!
A dart slug comes into view.
The magic dart hits the ball python.
You kill the ball python!
You can't see any susceptible monsters within range! (Use Z to cast anyway.)
You can't see any susceptible monsters within range! (Use Z to cast anyway.)
A kobold is nearby!
The magic dart hits the kobold.
You kill the kobold!
The magic dart hits the dart slug!
The dart slug is severely wounded.
The dart slug launches a dart at you. The slug dart hits you.
The magic dart hits the dart slug.
The dart slug is almost dead.
You are out of magic!
You are out of magic!
A dart slug is nearby!
A dart slug is nearby!
A dart slug is nearby!
The magic dart hits the dart slug.
You kill the dart slug!
You have reached level 4!
You feel stronger.
Your demonic ancestry asserts itself...
You feel the presence of a demonic guardian.
Are you sure you want to abandon this character and quit the game? (Confirm with "yes".)

## #. .# #. .. .. ...
#. ##. .# #.# .###.
.. . ... ..... .#)
#.# #.... #.# #.#
#.### #.## #.# #.###
#@.###.# #.#.#
####......#######....
+....................
####...#########.....
#..## #..#.# #.##
#..### .... #.....
.##.# #..##. # #.
#.###.


There were no monsters in sight!

Vanquished Creatures
  3 adders (D:2)
  2 dart slugs
  An endoplasm (D:2)
  3 giant cockroaches (D:2)
  5 goblins
  3 hobgoblins
  4 jackals (D:2)
  A quokka (D:2)
  5 ball pythons
  A bat (D:1)
  2 frilled lizards (D:2)
  3 kobolds
  3 rats
36 creatures vanquished.

Notes
Turn   | Place    | Note
-------+----------+-------------------------------------------
     0 | D:1      | vishdafish the Demonspawn Conjurer began the quest for the
                  | Orb.
     0 | D:1      | Reached XP level 1. HP: 13/13 MP: 3/3
   315 | D:1      | Gained mutation: You are partially covered in icy blue
                  | scales. (AC +2) [demonic ancestry]
   315 | D:1      | Reached XP level 2. HP: 19/19 MP: 3/5
  1282 | D:2      | Gained mutation: Your touch may inflict minor irresistible
                  | damage on your foes. [demonic ancestry]
  1282 | D:2      | Reached XP level 3. HP: 24/24 MP: 4/7
  1845 | D:2      | Gained mutation: A weak demonic guardian rushes to your
                  | aid. [demonic ancestry]
  1845 | D:2      | Reached XP level 4. HP: 30/30 MP: 0/8
  1845 | D:2      | Quit the game

Illustrated notes

Levels and vault maps discovered:
D:1:      dpeg_arrival_round_c, layout_basic
D:2:      layout_loops_corners, st_stairs_10

Skill      XL: |  1  2  3 |
---------------+----------+-----
Spellcasting   | 3 |  3.1
Dodging        | |  1.7
Stealth        | |  1.7
Conjurations   | |  4.8

Action                     |  1- 3 |  4- 6 || total
---------------------------+-------+-------++-------
  Melee: Unarmed           |    10 |       ||    10
         Touch             |     3 |       ||     3
   Cast: Magic Dart        |    69 |       ||    69
    Use: Scroll            |     2 |       ||     2
 Armour: Robe              |     2 |       ||     2
  Dodge: Dodged            |    10 |       ||    10

Table legend: (Time is in decaauts)
 A = Elapsed time spent in this place.
 B = Non-inter-level travel time spent in this place.
 C = Inter-level travel time spent in this place.
 D = Time resting spent in this place.
 E = Time spent auto-exploring this place.
 F = Levels seen in this place.
 G = Mean time per level.
                   A        B        C        D        E       F      G
               +--------+--------+--------+--------+--------+-----+--------+
         Total |   1844 |   1812 |     32 |      0 |   1679 |   2 |  922.0 |
       Dungeon |   1844 |   1812 |     32 |      0 |   1679 |   2 |  922.0 |
               +--------+--------+--------+--------+--------+-----+--------+

Top non-repeatable levels by time:
     D:1: 1091 daAuts
     D:2: 753 daAuts
